Match 42430051
Unlisted

Match 42430051
End
Engineer Squad
Construct Weapon Support Center
M1919 Machine Gun Team
M1919 Machine Gun Team
Bazooka Squad
Construct Barracks
Riflemen Squad
1⁄4-ton 4x4 Truck
Construct Medical Station
Riflemen Squad
Air Support Center
M1 Mortar Team
Bazooka Squad
Improved M9 Bazooka Rockets
Selects Armored Battlegroup
Selects Strength in Steel
Engineer Squad
Selects Assault Engineers
Selects Field Repairs
Field Repairs
M1 Mortar Team
M1 Mortar Team
Construct Motor Pool
Selects War Machine
M8 Greyhound Armored Car
M24 Chaffee Light Tank
M1919 Machine Gun Team
M1919 Machine Gun Team
Grasshopper Recon Run
P-47 Strafing Run
P-47 Dive Bomb
smartygas
Grand.G
0
0

Comments sign in to comment!

No comments posted yet!